 Dungeon Crawl Stone Soup version 0.26.0-15-gc6cd9f7 (webtiles) character file.

Game seed: 871645162928833497

125 Jonnyslop the Magician (level 4, -2/24 HPs)
             Began as a Deep Elf Fire Elementalist on Jan 31, 2021.
             Killed by divine providence
             ... invoked by an orc priest
              (9 damage)
             ... on level 3 of the Dungeon.
             The game lasted 00:05:39 (2746 turns).

Jonnyslop the Magician (Deep Elf Fire Elementalist) Turns: 2746, Time: 00:05:40

Health: -2/24      AC:  3    Str:  5    XL:     4   Next: 82%
Magic:  4/13       EV: 13    Int: 21    God:
Gold:   156        SH:  0    Dex: 15    Spells: 2/13 levels left

rFire    . . .     SeeInvis .   d - +0 spear
rCold    . . .     Faith    .   (no shield)
rNeg     . . .     Spirit   .   a - +0 robe
rPois    .         Reflect  .   j - +0 helmet
rElec    .         Harm     .   (no cloak)
rCorr    .         Rampage  .   (no gloves)
Will     .....                  (no boots)
Stlth    ++........             (no amulet)
HPRegen  0.08/turn              (no ring)
MPRegen  0.13/turn              (no ring)

@: no status effects
A: no striking features
a: no special abilities


You were on level 3 of the Dungeon.
You visited 1 branch of the dungeon, and saw 3 of its levels.

You collected 156 gold pieces.

Inventory:

Hand Weapons
 d - a +0 spear (weapon)
Missiles
 k - 11 poisoned darts
Armour
 a - a +0 robe (worn)
 j - a +0 helmet (worn)
Scrolls
 c - a scroll of teleportation
Potions
 e - a potion of curing
 f - a potion of berserk rage
 g - a potion of attraction {unknown}
 h - a potion of flight {unknown}


   Skills:
 - Level 2.4 Dodging
 - Level 2.4 Stealth
 * Level 5.3 Spellcasting
 + Level 2.6 Conjurations
 + Level 4.1 Fire Magic


You had 2 spell levels left.
You knew the following spells:

 Your Spells              Type           Power        Failure   Level
a - Foxfire               Conj/Fire      76%          2%          1
b - Conjure Flame         Conj/Fire      19%          8%          3
c - Inner Flame           Hex/Fire       14%          13%         3
d - Sticky Flame          Conj/Fire      19%          26%         4

Your spell library contained the following spells:

 Spells                   Type           Power        Failure   Level
 Fireball                 Conj/Fire      9%           56%         5


Dungeon Overview and Level Annotations

Branches:
Dungeon (3/15)

Altars:


Message History

The foxfire hits the orc priest but does no damage.
The orc priest is heavily wounded.
The orc hits you with a cursed -1 hand axe.
The orc closely misses you.
The orc priest hits you but does no damage.
Casting: Foxfire (safe; 2% risk of failure)
Confirm with . or Enter, or press ? or * to list all spells.
You conjure some foxfire!
The orc hits you but does no damage. The orc barely misses you.
The orc priest hits you with a cursed -1 hand axe.
* * * LOW HITPOINT WARNING * * *
The orc priest hits your foxfire with a cursed -1 hand axe.
Unknown command.
Unknown command.
Your foxfire dissipates!
The orc priest barely misses you.
An orc comes into view.
The orc priest mumbles some strange prayers to Beogh against you.
Beogh smites you!
You die...

#..# ##.# #
###.##>.#
###†)....#
##########..[###.##
#..........### .#
#....<....## #
#........##
#......@.#
#........###
#######..oo#####.#
####o.B.....
###o..... ..... ###
.... (.. ... ### #.


You could see an orc priest, 3 orcs and a giant cockroach.

Vanquished Creatures
  3 adders (D:2)
  A gnoll (D:1)
  An ooze (D:2)
  A worm (D:3)
  3 dart slugs (D:1)
  5 leopard geckos
  5 orcs (D:3)
  2 giant cockroaches (D:2)
  2 goblins
  5 hobgoblins
  13 jackals
  A quokka (D:3)
  4 bats
  2 frilled lizards (D:1)
  5 kobolds
  9 rats
62 creatures vanquished.

Vanquished Creatures (others)
  207 foxfires
207 creatures vanquished.

Grand Total: 269 creatures vanquished

Notes
Turn   | Place    | Note
-------+----------+-------------------------------------------
     0 | D:1      | Jonnyslop the Deep Elf Fire Elementalist began the quest
                  | for the Orb.
     0 | D:1      | Reached XP level 1. HP: 10/10 MP: 6/6
   176 | D:1      | Reached XP level 2. HP: 15/15 MP: 3/8
   582 | D:1      | Reached skill level 4 in Spellcasting
   590 | D:1      | Reached XP level 3. HP: 15/19 MP: 5/10
   594 | D:1      | Learned a level 3 spell: Conjure Flame
   598 | D:1      | Learned a level 3 spell: Inner Flame
  1503 | D:2      | Reached XP level 4. HP: 24/24 MP: 8/12
  1600 | D:2      | Learned a level 4 spell: Sticky Flame
  2016 | D:2      | Reached skill level 5 in Spellcasting
  2746 | D:3      | Killed from afar by an orc priest

Illustrated notes

Levels and vault maps discovered:
D:1:      dpeg_arrival_court, layout_loops_corners, moated_statue
D:2:      layout_loops_ring
D:3:      layout_rooms, minmay_starry_boxes

Skill      XL: |  1  2  3  4 |
---------------+-------------+-----
Spellcasting   | 4 5 |  5.3
Conjurations   | 2 |  2.6
Fire Magic     | 4 |  4.1
Dodging        | |  2.4
Stealth        | |  2.4

Action                   |  1- 3 |  4- 6 || total
-------------------------+-------+-------++-------
Melee: Spear             |       |     1 ||     1
 Cast: Foxfire           |    64 |    88 ||   152
  Use: Scroll            |       |     8 ||     8
Armor: Robe              |     1 |     6 ||     7
Dodge: Dodged            |     6 |    15 ||    21
